Map: Acropolis LE

Players

PtitDrogo

  • Race: Protoss Protoss
  • League: Grandmaster
  • Spawn Location: 11:00

ShoWTimE - Winner!

  • Race: Protoss Protoss
  • League: Grandmaster
  • Spawn Location: 5:00

Event: HomeStory Cup XX

VOD

Have the link to the VOD?

Description

Time

  • Played on: Nov. 22, 2019, 3:27 p.m.
  • Length: 9:34

All games in this series

Show
View Real Time Build Order
Export as new Build Order

PtitDrogo Protoss 

Build Orders: Zealot Archon 

Get SALT Encoding   

  12  0:00  Probe  
  13  0:13  Probe  
  14  0:17  Pylon  
  14  0:25  Probe  
  15  0:33  Probe  
  15  0:35  Gateway  
  15  0:41  Probe  
  16  0:46  Assimilator  
  17  0:51  Probe  
  17  0:54  Assimilator  
  18  0:59  Probe  
  19  1:07  Probe, Gateway  
  19  1:17  Probe  
  20  1:23  Cybernetics Core  
  21  1:29  Probe  
  22  1:33  Pylon  
  22  1:41  Probe  
  23  1:50  Warp Gate  
  23  1:55  Probe  
  23  2:00  Stalker, Sentry  
  28  2:18  Pylon  
  28  2:26  Stalker  
  30  2:32  Nexus  
  30  2:49  Probe  
  30  2:50  Shield Battery  
  31  2:59  Shield Battery  
  31  3:00  Robotics Facility  
  31  3:01  Probe  
  32  3:06  Sentry  
  32  3:07  Sentry  
  32  3:12  Pylon  
  36  3:13  Probe  
  37  3:24  Shield Battery, Probe  
  38  3:32  Probe  
  38  3:40  Probe  
  39  3:41  Adept x2, Probe  
  45  3:52  Probe  
  45  3:54  Shield Battery  
  47  3:55  Observer  
  47  3:57  Forge  
  47  4:01  Probe  
  47  4:04  Probe  
  47  4:10  Probe  
  47  4:16  Probe  
  49  4:18  Probe  
  49  4:21  Immortal  
  54  4:25  Assimilator  
  54  4:27  Protoss Ground Weapons Level 1  
  54  4:28  Adept x2  
  57  4:32  Probe  
  57  4:36  Observer  
  57  4:37  Probe  
  57  4:43  Assimilator  
  57  4:44  Probe  
  58  4:45  Probe  
  59  4:53  Pylon  
  59  4:54  Probe  
  59  4:56  Probe  
  61  5:03  Probe  
  62  5:11  Probe  
  62  5:12  Immortal  
  67  5:15  Probe  
  67  5:19  Twilight Council  
  68  5:23  Probe  
  68  5:27  Probe  
  68  5:31  Gateway  
  68  5:35  Pylon, Gateway  
  66  5:40  Zealot  
  68  5:50  Warp Prism  
  70  5:57  Charge  
  70  5:58  Zealot  
  68  6:06  Probe x2  
  70  6:13  Templar Archives  
  70  6:16  Gateway  
  70  6:17  Protoss Ground Weapons Level 2, Gateway  
  70  6:18  Probe  
  71  6:23  Probe  
  72  6:26  Gateway  
  72  6:31  Gateway  
  72  6:33  Pylon  
  72  6:34  Pylon  
  72  6:54  Nexus  
  72  6:55  High Templar x4  
  72  6:56  Pylon  
  72  6:59  Archon x2  
  80  7:12  Zealot x2  
  84  7:18  Probe x2  
  84  7:19  Pylon  
  86  7:30  Probe x2  
  86  7:31  Pylon  
  86  7:34  High Templar x3  
  94  7:37  Pylon  
  94  7:38  Archon  
  94  7:39  High Templar, Zealot x2  
  94  7:40  Zealot x2  
  94  7:42  Probe  
  94  7:43  Archon  
  105  7:50  Probe  
  106  7:54  Probe  
  107  8:03  Probe  
  108  8:06  Probe x2  
  108  8:08  Immortal  
  108  8:10  Zealot x3  
  120  8:13  Zealot  
  120  8:15  Probe  
  120  8:18  Probe x2  
  125  8:24  Assimilator  
  125  8:26  Assimilator  
  126  8:27  Probe  
  126  8:31  High Templar x2  
  126  8:32  Zealot x4  
  127  8:48  Shield Battery  
  127  8:49  Archon  
  127  8:50  Shield Battery  
  127  8:52  Shield Battery x2  
  127  8:57  High Templar x2, Zealot x4  
  139  9:03  Archon  
  139  9:06  High Templar  
  139  9:12  High Templar  
  107  9:18  Archon  
  107  9:19  Zealot x4  
  95  9:31  Zealot x2  
Show
View Real Time Build Order
Export as new Build Order

ShoWTimE Protoss - Winner!

Build Orders: Phoenix Opening, Zealot Archon 

Get SALT Encoding   

  12  0:00  Probe  
  13  0:13  Probe  
  14  0:17  Pylon  
  14  0:24  Probe  
  15  0:32  Probe  
  15  0:36  Gateway  
  15  0:40  Probe  
  16  0:46  Assimilator  
  17  0:51  Probe  
  17  0:54  Assimilator  
  18  0:59  Probe  
  19  1:07  Probe  
  19  1:09  Gateway  
  19  1:17  Probe  
  20  1:23  Cybernetics Core  
  21  1:29  Probe  
  22  1:35  Pylon  
  22  1:41  Probe  
  23  1:54  Probe  
  24  2:00  Warp Gate, Adept x2  
  28  2:06  Probe  
  29  2:12  Pylon  
  29  2:30  Sentry x2  
  29  2:36  Probe  
  34  2:41  Nexus  
  34  2:48  Probe  
  35  2:54  Pylon  
  34  2:58  Stalker  
  34  3:01  Probe  
  37  3:12  Robotics Facility  
  37  3:14  Probe  
  40  3:26  Probe  
  41  3:34  Forge  
  41  3:38  Probe  
  40  3:47  Shield Battery  
  40  3:49  Adept x2  
  40  3:50  Probe x2  
  46  3:58  Probe, Protoss Ground Weapons Level 1  
  46  3:59  Phoenix  
  46  4:02  Probe  
  48  4:06  Probe  
  48  4:09  Observer  
  47  4:11  Probe  
  47  4:15  Probe  
  49  4:19  Probe  
  49  4:20  Sentry  
  49  4:23  Probe  
  53  4:27  Pylon  
  53  4:28  Probe  
  53  4:29  Warp Prism  
  54  4:34  Probe  
  52  4:40  Probe  
  52  4:44  Assimilator, Phoenix  
  55  4:46  Probe  
  55  4:48  Assimilator  
  55  4:51  Twilight Council  
  56  4:53  Probe  
  56  4:58  Probe  
  58  5:00  Adept x2  
  58  5:05  Probe  
  58  5:06  Immortal  
  67  5:16  Shield Battery  
  67  5:22  Gateway  
  67  5:25  Gateway  
  67  5:32  Shield Battery  
  67  5:34  Charge  
  67  5:38  Pylon, Templar Archives  
  67  5:41  Protoss Ground Weapons Level 2  
  67  5:47  Gateway  
  67  5:48  Gateway  
  67  5:56  Immortal  
  71  6:10  Gateway  
  71  6:14  Gateway  
  71  6:16  Pylon  
  71  6:19  Pylon, High Templar x2  
  75  6:25  Archon  
  75  6:26  Pylon  
  75  6:33  Nexus  
  75  6:36  Pylon  
  75  6:40  High Templar  
  75  6:41  High Templar  
  75  6:45  Archon  
  79  6:53  Zealot x4  
  87  7:00  Probe x2  
  89  7:06  Zealot  
  91  7:09  Zealot  
  93  7:17  Pylon  
  93  7:22  High Templar  
  95  7:23  High Templar, Zealot x4  
  95  7:28  Probe x2  
  107  7:30  Archon  
  107  7:37  High Templar x2  
  107  7:41  Archon  
  111  7:48  Probe x3  
  114  7:56  Zealot x6  
  126  8:16  High Templar x2  
  126  8:17  Pylon  
  126  8:18  Pylon  
  126  8:20  Archon  
  126  8:21  Zealot x3  
  130  8:44  Zealot x6  
  130  8:48  Pylon, Zealot x2  
  142  8:55  Pylon  
  146  9:04  Zealot  
  146  9:05  Zealot  
  146  9:07  High Templar x2  
  146  9:08  Zealot x2  
  152  9:11  Archon  
  152  9:12  Zealot x2  
  108  9:31  Zealot x4  
  96  9:33  Zealot x2  
Tags
 
Add a new tag
Caveats
  • Supply blocks, unpowered buildings, or Contaminate may cause inaccurate times.
  • Supply counts are checked every 10 seconds.